 Dungeon Crawl Stone Soup version 0.19-a0-1613-g7c9bbd0 (webtiles) character file.

268 FrankyJ the Ducker (level 6, -2/32 HPs)
             Began as a Gargoyle Ice Elementalist on Sept 17, 2016.
             Slain by Duvessa
             ... wielding a +0 short sword
              (6 damage)
             ... on level 4 of the Dungeon.
             The game lasted 00:15:09 (5290 turns).

FrankyJ the Ducker (Gargoyle Ice Elementalist)      Turns: 5290, Time: 00:15:09

Health: -2/32      AC:  8    Str: 11    XL:     6   Next: 21%
Magic:  4/10       EV: 19    Int: 18    God:
Gold:   228        SH:  0    Dex: 15    Spells: 2 memorised, 8 levels left

rFire  . . .     SeeInvis .     y - +1 trident (venom)
rCold  . . .     Gourm    .     a - +0 robe
rNeg   + . .     Faith    .     (no shield)
rPois  ∞         Spirit   .     u - +0 helmet
rElec  +         Dismiss  .     (no cloak)
rCorr  .         Reflect  .     s - +0 pair of gloves
MR     .....     Harm     .     (no boots)
Stlth  +++.......               (no amulet)
                                (no ring)
                                (no ring)

@: agile, very slightly contaminated
A: negative energy resistance 1, electricity resistance, unbreathing,
petrification resistance, rot immunity, AC +4
a: no special abilities


You were on level 4 of the Dungeon.
You were near starving.

You visited 2 branches of the dungeon, and saw 5 of its levels.

You collected 228 gold pieces.

Inventory:

Hand Weapons
 v - a +0 flail
 y - a +1 trident of venom (weapon)
Missiles
 t - 4 javelins (quivered)
Armour
 a - a +0 robe (worn)
 s - a +0 pair of gloves (worn)
 u - a +0 helmet (worn)
Jewellery
 p - an uncursed ring of protection from magic {unknown}
 x - an uncursed ring of protection from fire {unknown}
Scrolls
 d - a scroll of magic mapping {unknown}
 e - a scroll of enchant armour {unknown}
 f - 4 scrolls of identify {unknown}
 i - a scroll of noise {unknown}
 q - 2 scrolls of teleportation {unknown}
Potions
 h - 2 potions of lignification {unknown}
 j - 2 potions of agility
 k - a potion of brilliance {unknown}
 l - 2 potions of might {unknown}
 n - 2 potions of haste {unknown}
 o - a potion of heal wounds {unknown}
 r - a potion of degeneration {unknown}
 w - a potion of curing {unknown}
Books
 b - a book of Frost

   Spells                             Type                      Level
   a - Freeze                         Ice                          1
   b - Throw Frost                    Conjuration/Ice              2
   c - Ozocubu's Armour               Charms/Ice                   3
   d - Throw Icicle                   Conjuration/Ice              4
   e - Summon Ice Beast               Ice/Summoning                4
Comestibles
 c - 4 bread rations
 g - 2 beef jerkies
 m - 6 fruits
 z - 2 meat rations


   Skills:
 * Level 4.1 Dodging
 - Level 2.1 Stealth
 + Level 3.1 Spellcasting
 - Level 3.0 Conjurations
 - Level 3.0 Ice Magic


You had 8 spell levels left.
You knew the following spells:

 Your Spells              Type           Power        Failure   Level  Hunger
a - Freeze                Ice            ##..         6%          1    None
b - Throw Frost           Conj/Ice       ##....       10%         2    ##.....


Dungeon Overview and Level Annotations

Branches:
Dungeon (4/15)             Temple (1/1) D:4

Altars:
Elyvilon
Fedhas
Gozag
Hepliaklqana
Nemelex Xobeh
Qazlal
Ru
Trog
Uskayaw
Xom
Yredelemnul
Zin
The Shining One

Shops:
D:4 (

Annotations:
D:4 Duvessa; jujuben's ghost, amateur HESk


Innate Abilities, Weirdness & Mutations

You are resistant to torment.
Your stone body is resilient. (AC +4)
You are immune to poison.
You resist negative energy. (rN+)
You are resistant to electric shocks. (rElec)
You can survive without breathing.
You are immune to petrification.
You are immune to rotting.


Message History

Duvessa barely misses you. Duvessa hits you with a short sword!
* * * LOW HITPOINT WARNING * * *
It was a potion of agility.
You feel agile all of a sudden. Duvessa barely misses you.
Duvessa looks more healthy.
Duvessa closely misses you. Duvessa closely misses you.
Okay, then.
Evoke which item? (* to show all) (? for menu, Esc to quit)
Okay, then.
Casting: Throw Frost
Confirm with . or Enter, or press ? or * to list all spells.
Aiming: Freeze
Press: ? - help, Shift-Dir - straight line, f - Duvessa
Aim: Duvessa, wielding a short sword (heavily wounded, berserk, fast, unusually strong)
You freeze Duvessa.
Duvessa is heavily wounded.
Duvessa hits you but does no damage. Duvessa hits you with a short sword.
You die...

.<....#...#.........'....#
......'...#.........#...<+
......#####.........#...##
##'#...............##'######
...#...............#.......#
...#...............#.......#
...#...............#.......#
...#...............#......##
...#............@..#.......#
#########.......e..#+#####.#
#...######.............#
#.)......+.............#
#........#.............#
#........#.............#
#...##'###.............#
#...#.....##'###.......#
#...#.....#....#.......#


You could see Duvessa (berserk).

Vanquished Creatures
  Dowan (D:4)
  A hound (D:4)
  An orc priest (D:3)
  7 adders
  An ooze (D:3)
  4 worms
  2 dart slugs (D:1)
  2 leopard geckos
  6 orcs (D:3)
  9 bats
  2 giant cockroaches
  5 hobgoblins
  A jackal (D:2)
  A ball python (D:1)
  7 frilled lizards
  9 goblins
  10 kobolds
  12 rats
81 creatures vanquished.

Vanquished Creatures (others)
  2 howler monkeys (D:4)
  An adder (D:4)
  A giant cockroach (D:4)
  A jackal (D:4)
5 creatures vanquished.

Grand Total: 86 creatures vanquished

Notes
Turn   | Place    | Note
-------+----------+-------------------------------------------
     0 | D:1      | FrankyJ the Gargoyle Ice Elementalist began the quest for the Orb.
     0 | D:1      | Reached XP level 1. HP: 10/10 MP: 3/3
   266 | D:1      | Reached skill level 2 in Dodging
   292 | D:1      | Reached XP level 2. HP: 15/15 MP: 3/5
   296 | D:1      | Learned a level 2 spell: Throw Frost
   977 | D:1      | Reached XP level 3. HP: 14/19 MP: 0/6
  2098 | D:2      | Reached XP level 4. HP: 19/24 MP: 5/7
  2194 | D:2      | Reached skill level 3 in Dodging
  3343 | D:3      | Reached XP level 5. HP: 28/28 MP: 1/8
  3435 | D:3      | Found a sparkling altar of Nemelex Xobeh.
  4807 | D:4      | Found Ocvinops's Antique Weapon Shop.
  4815 | D:4      | Found a staircase to the Ecumenical Temple.
  4825 | Temple   | Entered the Ecumenical Temple
  5142 | D:4      | Found a shimmering altar of Xom.
  5145 | D:4      | Noticed jujuben's ghost (amateur HESk)
  5266 | D:4      | Noticed Duvessa
  5266 | D:4      | Noticed Dowan
  5273 | D:4      | Killed Dowan
  5273 | D:4      | Reached skill level 4 in Dodging
  5273 | D:4      | Reached XP level 6. HP: 26/32 MP: 3/10
  5290 | D:4      | Slain by Duvessa

Vault maps used:
D:1:      onia_arrival_mini_maze
D:2:      nrook_mini_backslash
D:3:      nemelex_diamond_rough_becter
D:4:      minitemple, serial_shops, nicolae_shop_stone, nicolae_shop_trees,
          minmay_misc_feat_roman, xom_confusion_cloud, uniq_duvessa
Temple:   oiseaux_autumnal_temple

Skill      XL: |  1  2  3  4  5 |
---------------+----------------+-----
Dodging        | 2 3 4 |  4.1
Conjurations   | 2 3 |  3.0
Spellcasting   | 3 |  3.1
Stealth        | |  2.1
Ice Magic      | |  3.0

Action                   |  1- 3 |  4- 6 || total
-------------------------+-------+-------++-------
Melee: Dagger            |     7 |       ||     7
       Mace              |    42 |     7 ||    49
       Flail             |       |    19 ||    19
       Trident           |       |    14 ||    14
 Cast: Freeze            |    51 |    40 ||    91
       Throw Frost       |     1 |    37 ||    38
  Use: Potion            |       |     1 ||     1
 Stab: Sleeping          |     1 |     2 ||     3
  Eat: Chunk             |     5 |    10 ||    15
Armor: Robe              |    39 |    20 ||    59
Dodge: Dodged            |    78 |    54 ||   132
